 Dungeon Crawl Stone Soup version 0.20.1-1-g8b1a95d (webtiles) character file.

291 Knicklaso the Slinger (level 6, -3/39 HPs)
             Began as a Halfling Hunter on July 19, 2017.
             Slain by Edmund
             ... wielding a +2 dire flail of protection
              (11 damage)
             ... on level 3 of the Dungeon.
             The game lasted 00:09:53 (2692 turns).

Knicklaso the Slinger (Halfling Hunter)             Turns: 2692, Time: 00:09:54

Health: -3/39      AC:  3    Str: 18    XL:     6   Next: 58%
Magic:  6/6        EV: 15    Int:  9    God:
Gold:   121        SH:  0    Dex: 17    Spells: 5/5 levels left

rFire    . . .     SeeInvis .   k - +1 short sword (venom)
rCold    . . .     Gourm    .   (shield restricted)
rNeg     . . .     Faith    .   c - +0 leather armour
rPois    .         Spirit   .   (no helmet)
rElec    .         Reflect  .   o - scarf {cloud immunity}
rCorr    .         Harm     .   (no gloves)
MR       .....                  (no boots)
Stlth    ++........             (no amulet)
Regen    0.2/turn               (no ring)
MPRegen  0.1/turn               (no ring)

@: mighty, drained
A: mutation resistance 1
a: no special abilities


You were on level 3 of the Dungeon.
You were not hungry.

You visited 1 branch of the dungeon, and saw 4 of its levels.

You collected 121 gold pieces.

Inventory:

Hand Weapons
 a - a +1 hunting sling
 k - a +1 short sword of venom (weapon)
Missiles
 d - 15 sling bullets
 j - 110 stones (quivered)
Armour
 c - a +0 leather armour (worn)
 m - a +0 ring mail
 o - a scarf of cloud immunity (worn)
Jewellery
 n - an uncursed ring of protection from cold {unknown}
 s - an uncursed ring of protection from fire {unknown}
Wands
 A - a wand of random effects (13/48)
 C - a wand of iceblast (7/15)
Scrolls
 e - a scroll of magic mapping {unknown}
 g - 4 scrolls of noise {unknown}
 i - 3 scrolls of teleportation {unknown}
 l - a scroll of fear {unknown}
 v - 2 scrolls of fog {unknown}
 w - a scroll of random uselessness {unknown}
 x - 5 scrolls of recharging {unknown}
 y - 2 scrolls of identify {unknown}
Potions
 b - 2 potions of brilliance {unknown}
 h - 2 potions of agility {unknown}
 q - 3 potions of might
 r - a potion of magic {unknown}
 u - a potion of haste {unknown}
 z - a potion of mutation {unknown}
 B - a potion of cancellation {unknown}
Comestibles
 f - 5 bread rations
 p - 3 meat rations


   Skills:
 - Level 1.7 Fighting
 + Level 4.3(4.2) Short Blades
 + Level 9.1 Slings
 - Level 2.1 Dodging
 - Level 1.1(1.0) Stealth


You had 5 spell levels left.
You didn't know any spells.

Dungeon Overview and Level Annotations

Branches:
Dungeon (4/15)
 Temple: D:4-7

Altars:
The Shining One

Annotations:
D:3 Edmund
D:4 Duvessa


Innate Abilities, Weirdness & Mutations

You are small and have problems with some larger weapons.
You are somewhat resistant to further mutation.


Message History

Edmund hits you with a dire flail of protection!
You hit Edmund but do no damage.
Edmund looks as sick as possible!
Edmund is heavily wounded.
Edmund barely misses you.
You hit Edmund but do no damage.
Edmund looks as sick as possible!
Edmund is heavily wounded.
Edmund hits you with a dire flail of protection.
* * * LOW HITPOINT WARNING * * *
Edmund closely misses you.
You climb upwards.
There is a stone staircase leading down here.
It was a potion of might.
You feel very mighty all of a sudden. Edmund closely misses you.
You hit Edmund.
Edmund looks as sick as possible!
Edmund is severely wounded.
You hit Edmund.
Edmund looks as sick as possible!
Edmund is almost dead.
Edmund hits you with a dire flail of protection!
You die...

#..............##..........
######....###......#####.......
#.........# #......#####.......
#........## #......#...........
#........## #......#......###..
###.........# #......#......###..
............# #......#####....#..
#####.###...###..@...#####....#..
# ###........##.@....'....(...'..
# #<#........##......#####....#..
# #.#........##......#####....#..
# #)#........###.##...........#..
# #[).#...#### #..............#..
# #####...######..............#..
# #..'............#######....#..
# #.##...######...# #....#.. #
#.##...################....#..


You could see Edmund.

Vanquished Creatures
  3 orc wizards (D:3)
  A centaur skeleton (D:3)
  A howler monkey zombie (D:4)
  8 adders
  An ooze (D:1)
  A worm (D:2)
  3 dart slugs
  A leopard gecko (D:2)
  10 orcs (D:3)
  A giant cockroach (D:3)
  8 goblins
  5 hobgoblins
  10 jackals
  3 quokkas
  3 bats
  5 frilled lizards
  9 kobolds
  3 rats
76 creatures vanquished.

Notes
Turn   | Place    | Note
-------+----------+-------------------------------------------
     0 | D:1      | Knicklaso the Halfling Hunter began the quest for the Orb.
     0 | D:1      | Reached XP level 1. HP: 14/14 MP: 1/1
    49 | D:1      | Reached skill level 6 in Slings
   119 | D:1      | Reached XP level 2. HP: 19/19 MP: 2/2
   304 | D:1      | Reached skill level 7 in Slings
   304 | D:1      | Reached XP level 3. HP: 24/24 MP: 3/3
   834 | D:2      | Found a glowing golden altar of the Shining One.
   938 | D:2      | Found a faded altar of an unknown god.
   981 | D:2      | Reached skill level 1 in Short Blades
  1013 | D:2      | Reached XP level 4. HP: 28/29 MP: 4/4
  1600 | D:3      | Reached XP level 5. HP: 29/34 MP: 5/5
  1684 | D:3      | Reached skill level 8 in Slings
  2212 | D:3      | Reached XP level 6. HP: 25/39 MP: 6/6
  2338 | D:3      | Reached skill level 9 in Slings
  2657 | D:4      | Noticed Edmund
  2658 | D:4      | Noticed Duvessa
  2692 | D:3      | Slain by Edmund

Skill      XL: |  1  2  3  4  5  6 |
---------------+-------------------+-----
Slings         | 6 7 8 9 |  9.1
Short Blades   | 1 2 3 4 |  4.3
Fighting       | |  1.7
Dodging        | |  2.1
Stealth        | |  1.1

Action                   |  1- 3 |  4- 6 || total
-------------------------+-------+-------++-------
Melee: Short sword       |    14 |   106 ||   120
 Fire: Hunting sling     |    65 |    54 ||   119
  Use: Potion            |       |     1 ||     1
 Stab: Sleeping          |     1 |       ||     1
  Eat: Chunk             |       |     5 ||     5
Armor: Leather armour    |     6 |    22 ||    28
Dodge: Dodged            |    21 |    73 ||    94
